| TOP OF THE 1ST |
|
Bluefield Blue Jays batting - Pitching for Princeton Rays : RHP Jesus Espinosa
|
|
Pitching: RHP Jesus Espinosa
|
|
|
Batting: LHB Jessie Stewart
|
0-0: Ball 1-0: Fly out, F2 (Popup, 2RF, EV 93.1 MPH)
|
|
Batting: RHB Mark Noftall
|
0-0: Ball 1-0: Foul Ball, location: 2F 1-1: Ground out 5-3 (Groundball, 56S, EV 61.9 MPH)
|
|
Batting: LHB Edwin Esparza
|
0-0: Called Strike 0-1: SINGLE (Line Drive, 56D, EV 94.4 MPH)
|
|
Batting: RHB Cedric Nicholls
|
0-0: Swinging Strike 0-1: Ball 1-1: Ball 2-1: Called Strike 2-2: Strikes out looking
|
| Top of the 1st over - 0 runs, 1 hit, 0 errors, 1 left on base; Bluefield 0 - Princeton 0 |
| BOTTOM OF THE 1ST |
|
Princeton Rays batting - Pitching for Bluefield Blue Jays : LHP Zhu Chai
|
|
Pitching: LHP Zhu Chai
|
|
|
Batting: RHB Cody Gebo
|
0-0: Called Strike 0-1: Fly out, F6 (Line Drive, 6, EV 60.0 MPH)
|
|
Batting: RHB Luis Jara
|
0-0: Ball 1-0: Ball 2-0: Swinging Strike 2-1: Called Strike 2-2: DOUBLE (Line Drive, 89D, EV 113.8 MPH)
|
|
Batting: LHB Dave Northam
|
0-0: Foul Ball, location: 2F 0-1: Ball 1-1: Foul Ball, location: 2F 1-2: Ball 2-2: 2-RUN HOME RUN (Flyball, 7D, EV 95.6 MPH), Distance : 381 ft
|
|
Pitching: RHP Nick Ford
|
|
|
Batting: SHB Omar Cervantes
|
0-0: Swinging Strike 0-1: Hit by Pitch
|
|
Batting: LHB Ian Cranton
|
0-0: Called Strike 0-1: Ball 1-1: Swinging Strike 1-2: Ball 2-2: Fielders Choice at 2nd, 5-4 (Groundball, 5, EV 81.2 MPH)
|
|
Batting: RHB Ben Saxton
|
0-0: Called Strike 0-1: Ball 1-1: Fly out, F7 (Flyball, 7, EV 83.1 MPH)
|
| Bottom of the 1st over - 2 runs, 2 hits, 0 errors, 1 left on base; Bluefield 0 - Princeton 2 |
| TOP OF THE 2ND |
|
Bluefield Blue Jays batting - Pitching for Princeton Rays : RHP Jesus Espinosa
|
|
Batting: RHB Tom Bergman
|
0-0: Called Strike 0-1: Called Strike 0-2: Ground out 4-3 (Groundball, 6M, EV 83.1 MPH)
|
|
Batting: RHB Benedikt Fleischmann
|
0-0: Ground out 3-1 (Groundball, 13, EV 90.6 MPH)
|
|
Batting: SHB Miguel Sano Jr.
|
0-0: Foul Ball, location: 2F 0-1: Swinging Strike 0-2: Ball 1-2: Foul Ball, location: 2F 1-2: Foul Ball, location: 2F 1-2: Strikes out looking
|
| Top of the 2nd over - 0 runs, 0 hits, 0 errors, 0 left on base; Bluefield 0 - Princeton 2 |
| BOTTOM OF THE 2ND |
|
Princeton Rays batting - Pitching for Bluefield Blue Jays : RHP Nick Ford
|
|
Batting: RHB Jeff Standridge
|
0-0: Ball 1-0: Called Strike 1-1: Foul Ball, location: 2F 1-2: Ball 2-2: Foul Ball, location: 2F 2-2: Foul Ball, location: 2F 2-2: DOUBLE (Line Drive, 89M, EV 108.1 MPH)
|
|
Batting: RHB Gilbert Hoareau
|
0-0: Swinging Strike 0-1: Called Strike 0-2: Strikes out looking
|
|
Batting: RHB Carlos Ruelas
|
0-0: Called Strike 0-1: DOUBLE (Line Drive, 9LM, EV 91.9 MPH) Jeff Standridge scores
|
|
Batting: RHB Cody Gebo
|
0-0: Fly out, F8 (Flyball, 8LXD, EV 89.4 MPH) Runner from 2nd tags up, SAFE at 3rd, no throw by CF
|
|
Batting: RHB Luis Jara
|
0-0: Ball 1-0: DOUBLE (Flyball, 78D, EV 101.9 MPH) Carlos Ruelas scores
|
|
Batting: LHB Dave Northam
|
0-0: Ball Wild Pitch! Luis Jara to third 1-0: Called Strike 1-1: Fly out, F5 (Popup, 5S, EV 65.6 MPH)
|
| Bottom of the 2nd over - 2 runs, 3 hits, 0 errors, 1 left on base; Bluefield 0 - Princeton 4 |
| TOP OF THE 3RD |
|
Bluefield Blue Jays batting - Pitching for Princeton Rays : RHP Jesus Espinosa
|
|
Batting: RHB Jerry Perez
|
0-0: Called Strike 0-1: Ball 1-1: Reached on error, E6 (Groundball, 56, EV 100.0 MPH)
|
|
Batting: RHB Hanley Hernandez
|
0-0: Called Strike 0-1: Swinging Strike 0-2: Ball 1-2: Foul Ball, location: 2F 1-2: Foul Ball, location: 2F 1-2: Ball 2-2: Ball 3-2: Base on Balls
|
|
Batting: LHB Jessie Stewart
|
0-0: Called Strike 0-1: Ball 1-1: Ground out U3 (Groundball, 34S, EV 70.6 MPH) Jerry Perez to third Hanley Hernandez to second
|
|
Batting: RHB Mark Noftall
|
0-0: Ball 1-0: Ball 2-0: Ball 3-0: Base on Balls
|
|
Batting: LHB Edwin Esparza
|
0-0: Ball 1-0: Swinging Strike 1-1: Swinging Strike 1-2: Ball 2-2: Ball 3-2: Fielders Choice at 2nd, 3-6 (Groundball, 3S, EV 88.1 MPH) Jerry Perez scores Hanley Hernandez to third
|
|
Batting: RHB Cedric Nicholls
|
0-0: Swinging Strike 0-1: Ground out 5-3 (Groundball, 5S, EV 70.6 MPH)
|
| Top of the 3rd over - 1 run, 0 hits, 1 error, 2 left on base; Bluefield 1 - Princeton 4 |
| BOTTOM OF THE 3RD |
|
Princeton Rays batting - Pitching for Bluefield Blue Jays : RHP Nick Ford
|
|
Batting: SHB Omar Cervantes
|
0-0: Called Strike 0-1: Ball 1-1: Ball 2-1: Foul Ball, location: 2F 2-2: Strikes out looking
|
|
Batting: LHB Ian Cranton
|
0-0: Called Strike 0-1: Ball 1-1: Called Strike 1-2: Strikes out swinging
|
|
Batting: RHB Ben Saxton
|
0-0: Ball 1-0: SINGLE (Flyball, 56D, EV 95.0 MPH)
|
|
Batting: RHB Jeff Standridge
|
0-0: Called Strike 0-1: Swinging Strike 0-2: Reached on error, E6 (Groundball, 6, EV 80.0 MPH) Ben Saxton to second
|
|
Batting: RHB Gilbert Hoareau
|
0-0: Ball 1-0: Called Strike 1-1: Foul Ball, location: 2F 1-2: Strikes out looking
|
| Bottom of the 3rd over - 0 runs, 1 hit, 1 error, 2 left on base; Bluefield 1 - Princeton 4 |
| TOP OF THE 4TH |
|
Bluefield Blue Jays batting - Pitching for Princeton Rays : RHP Jesus Espinosa
|
|
Batting: RHB Tom Bergman
|
0-0: Ball 1-0: Swinging Strike 1-1: Ground out 6-3 (Groundball, 6, EV 98.1 MPH)
|
|
Batting: RHB Benedikt Fleischmann
|
0-0: Ball 1-0: Ball 2-0: Foul Ball, location: 2F 2-1: Ground out 4-3 (Groundball, 4, EV 81.9 MPH)
|
|
Batting: SHB Miguel Sano Jr.
|
0-0: Called Strike 0-1: Swinging Strike 0-2: Ball 1-2: Strikes out swinging
|
| Top of the 4th over - 0 runs, 0 hits, 0 errors, 0 left on base; Bluefield 1 - Princeton 4 |
| BOTTOM OF THE 4TH |
|
Princeton Rays batting - Pitching for Bluefield Blue Jays : RHP Nick Ford
|
|
Batting: RHB Carlos Ruelas
|
0-0: Ball 1-0: Foul Ball, location: 2F 1-1: Called Strike 1-2: Strikes out looking
|
|
Batting: RHB Cody Gebo
|
0-0: SINGLE (Flyball, 3D, EV 89.4 MPH)
|
|
Batting: RHB Luis Jara
|
0-0: Ball Cody Gebo steals 2nd base 1-0: Called Strike 1-1: Ball 2-1: Ball 3-1: Base on Balls
|
|
Batting: LHB Dave Northam
|
0-0: Ball 1-0: SINGLE (Groundball, 34D, EV 98.1 MPH) Cody Gebo to third Luis Jara to second Runner from 3rd tries for Home, throw by RF and OUT! 9-2
|
|
Pitching: RHP Sergio Valdivia
|
|
|
Batting: SHB Omar Cervantes
|
0-0: Called Strike 0-1: Foul Ball, location: 2F 0-2: Ball 1-2: Ball 2-2: Foul Ball, location: 2F 2-2: Ball 3-2: Fly out, F7 (Flyball, 7LS, EV 82.5 MPH)
|
| Bottom of the 4th over - 0 runs, 2 hits, 0 errors, 2 left on base; Bluefield 1 - Princeton 4 |
| TOP OF THE 5TH |
|
Bluefield Blue Jays batting - Pitching for Princeton Rays : RHP Jesus Espinosa
|
|
Batting: RHB Jerry Perez
|
0-0: Ball 1-0: Called Strike 1-1: Ball 2-1: Swinging Strike 2-2: Strikes out swinging
|
|
Batting: RHB Hanley Hernandez
|
0-0: Ball 1-0: Foul Ball, location: 2F 1-1: Called Strike 1-2: Foul Ball, location: 2F 1-2: Ground out 5-3 (Groundball, 56, EV 85.6 MPH)
|
|
Batting: LHB Jessie Stewart
|
0-0: Called Strike 0-1: Ball 1-1: Foul Ball, location: 2F 1-2: Foul Ball, location: 2F 1-2: Strikes out swinging
|
| Top of the 5th over - 0 runs, 0 hits, 0 errors, 0 left on base; Bluefield 1 - Princeton 4 |
| BOTTOM OF THE 5TH |
|
Princeton Rays batting - Pitching for Bluefield Blue Jays : RHP Sergio Valdivia
|
|
Batting: LHB Ian Cranton
|
0-0: Ball 1-0: Ball 2-0: Called Strike 2-1: Ball 3-1: Foul Ball, location: 2F 3-2: Strikes out swinging
|
|
Batting: RHB Ben Saxton
|
0-0: Called Strike 0-1: Swinging Strike 0-2: Strikes out looking
|
|
Batting: RHB Jeff Standridge
|
0-0: Foul Ball, location: 2F 0-1: Ball 1-1: Ball 2-1: Ball 3-1: Swinging Strike 3-2: Base on Balls
|
|
Batting: RHB Gilbert Hoareau
|
0-0: Called Strike 0-1: Ball 1-1: Foul Ball, location: 2F 1-2: Strikes out swinging, 2-3 out at first.
|
| Bottom of the 5th over - 0 runs, 0 hits, 0 errors, 1 left on base; Bluefield 1 - Princeton 4 |
| TOP OF THE 6TH |
|
Bluefield Blue Jays batting - Pitching for Princeton Rays : RHP Jesus Espinosa
|
|
Batting: RHB Mark Noftall
|
0-0: Called Strike 0-1: Ball 1-1: Ball 2-1: Foul Ball, location: 2F 2-2: SINGLE (Groundball, 5S, EV 70.6 MPH) (infield hit)
|
|
Batting: LHB Edwin Esparza
|
0-0: Called Strike 0-1: Ball 1-1: Ball Mark Noftall steals 2nd base 2-1: Ball 3-1: Base on Balls
|
|
Batting: RHB Cedric Nicholls
|
0-0: Foul Ball, location: 2F 0-1: Swinging Strike 0-2: Fielders Choice at 2nd, 6-4 (Groundball, 6, EV 85.0 MPH) Mark Noftall to third
|
|
Pitching: RHP Michito Higashi
|
|
|
Batting: RHB Brandon Williams
|
0-0: Ball 1-0: Ball 2-0: Ball 3-0: Base on Balls Cedric Nicholls to second
|
|
Batting: RHB Benedikt Fleischmann
|
0-0: Ball 1-0: Called Strike 1-1: Ball 2-1: GRAND SLAM HOME RUN (Flyball, 7D, EV 99.4 MPH), Distance : 384 ft
|
|
Batting: SHB Miguel Sano Jr.
|
0-0: Ball 1-0: Called Strike 1-1: DOUBLE (Line Drive, 89D, EV 101.9 MPH)
|
|
Batting: RHB Jerry Perez
|
0-0: Called Strike 0-1: Ball 1-1: Ball 2-1: Ball 3-1: Foul Ball, location: 2F 3-2: Foul Ball, location: 2F 3-2: Fly out, F8 (Line Drive, 8LM, EV 90.6 MPH)
|
|
Batting: RHB Hanley Hernandez
|
0-0: Called Strike 0-1: Ball 1-1: Ball 2-1: Ball 3-1: Called Strike 3-2: Foul Ball, location: 2F 3-2: Foul Ball, location: 2F 3-2: Strikes out swinging
|
| Top of the 6th over - 4 runs, 3 hits, 0 errors, 1 left on base; Bluefield 5 - Princeton 4 |
| BOTTOM OF THE 6TH |
|
Princeton Rays batting - Pitching for Bluefield Blue Jays : RHP Sergio Valdivia
|
|
Pinch Hitting: SHB Dan Trainer
|
0-0: Ball 1-0: Foul Ball, location: 2F 1-1: Foul Ball, location: 2F 1-2: Ball 2-2: Foul Ball, location: 2F 2-2: Foul Ball, location: 2F 2-2: Ball 3-2: Base on Balls
|
|
Pinch Hitting: RHB Toshikatsu Omori
|
0-0: Ball Dan Trainer is caught stealing 2nd base 2-4 1-0: Called Strike 1-1: Ball 2-1: Swinging Strike 2-2: Foul Ball, location: 2F 2-2: TRIPLE (Flyball, 78XD, EV 92.5 MPH)
|
|
Batting: RHB Luis Jara
|
0-0: Called Strike 0-1: Ball 1-1: Swinging Strike 1-2: Ball 2-2: Strikes out swinging
|
|
Batting: LHB Dave Northam
|
0-0: Ball 1-0: Called Strike 1-1: Called Strike 1-2: Foul Ball, location: 2F 1-2: Ball 2-2: Ball 3-2: Ground out U3 (Groundball, 34, EV 86.9 MPH)
|
| Bottom of the 6th over - 0 runs, 1 hit, 0 errors, 1 left on base; Bluefield 5 - Princeton 4 |
| TOP OF THE 7TH |
|
Bluefield Blue Jays batting - Pitching for Princeton Rays : RHP Michito Higashi
|
|
Now in LF: Willie Acevedo
|
|
|
Now in RF: Matt Pena
|
|
|
Batting: LHB Jessie Stewart
|
0-0: Ball 1-0: Called Strike 1-1: Fly out, F7 (Line Drive, 7, EV 90.0 MPH)
|
|
Batting: RHB Mark Noftall
|
0-0: SINGLE (Line Drive, 4D, EV 101.9 MPH)
|
|
Pitching: RHP Cole Roome
|
|
|
Batting: LHB Edwin Esparza
|
0-0: Ball 1-0: Called Strike 1-1: Ball 2-1: Fielders Choice at 2nd, 4-6 (Groundball, 34, EV 89.4 MPH)
|
|
Batting: RHB Cedric Nicholls
|
0-0: Called Strike 0-1: Swinging Strike 0-2: Foul Ball, location: 2F 0-2: Strikes out looking
|
| Top of the 7th over - 0 runs, 1 hit, 0 errors, 1 left on base; Bluefield 5 - Princeton 4 |
| BOTTOM OF THE 7TH |
|
Princeton Rays batting - Pitching for Bluefield Blue Jays : RHP Sergio Valdivia
|
|
Pitching: RHP Josh Long
|
|
|
Batting: SHB Omar Cervantes
|
0-0: Foul Ball, location: 2F 0-1: Foul Ball, location: 2F 0-2: Ball 1-2: Reached on error, E1 (Groundball, P, EV 64.4 MPH)
|
|
Batting: LHB Ian Cranton
|
0-0: Ball 1-0: Ball 2-0: Called Strike 2-1: Called Strike 2-2: Ball 3-2: Base on Balls
|
|
Batting: RHB Ben Saxton
|
0-0: Ball 1-0: SINGLE (Line Drive, 7LS, EV 95.0 MPH) Omar Cervantes to third Ian Cranton to second
|
|
Batting: RHB Jeff Standridge
|
0-0: Grounds into fielders choice 4-2 (Groundball, 4, EV 108.8 MPH) Ian Cranton to third Ben Saxton to second
|
|
Batting: RHB Gilbert Hoareau
|
0-0: Ball 1-0: Swinging Strike 1-1: Foul Ball, location: 2F 1-2: Ball 2-2: Strikes out swinging
|
|
Pinch Hitting: LHB Jonathan Watt
|
0-0: Ball 1-0: Ball 2-0: Foul Ball, location: 2F 2-1: Ball 3-1: Ground out 4-3 (Groundball, 4, EV 81.9 MPH)
|
| Bottom of the 7th over - 0 runs, 1 hit, 1 error, 3 left on base; Bluefield 5 - Princeton 4 |
| TOP OF THE 8TH |
|
Bluefield Blue Jays batting - Pitching for Princeton Rays : RHP Cole Roome
|
|
Now in LF: Gabe Wilcoxon
|
|
|
Batting: RHB Brandon Williams
|
0-0: Ball 1-0: Foul Ball, location: 2F 1-1: Ball 2-1: Foul Ball, location: 2F 2-2: Ball 3-2: SINGLE (Groundball, 6MD, EV 96.9 MPH)
|
|
Batting: RHB Benedikt Fleischmann
|
0-0: Bunt missed! 0-1: Bunt missed! 0-2: Fly out, F3 (Line Drive, 3, EV 66.9 MPH) Lined into DP, U3 (Line Drive, 3, EV 67.5 MPH)
|
|
Batting: SHB Miguel Sano Jr.
|
0-0: Hit by Pitch
|
|
Batting: RHB Jerry Perez
|
0-0: Ball 1-0: Called Strike 1-1: Swinging Strike 1-2: Foul Ball, location: 2F 1-2: Foul Ball, location: 2F 1-2: Foul Ball, location: 2F 1-2: Foul Ball, location: 2F 1-2: Ball 2-2: Strikes out looking
|
| Top of the 8th over - 0 runs, 1 hit, 0 errors, 1 left on base; Bluefield 5 - Princeton 4 |
| BOTTOM OF THE 8TH |
|
Princeton Rays batting - Pitching for Bluefield Blue Jays : RHP Josh Long
|
|
Batting: LHB Matt Pena
|
0-0: Ball 1-0: Foul Ball, location: 2F 1-1: Foul Ball, location: 2F 1-2: Strikes out swinging
|
|
Batting: RHB Luis Jara
|
0-0: Ball 1-0: Ball 2-0: Called Strike 2-1: Ball 3-1: SINGLE (Groundball, 34D, EV 105.0 MPH)
|
|
Pitching: LHP Antoine Herndon
|
|
|
Batting: LHB Dave Northam
|
0-0: Ball 1-0: Ball 2-0: Swinging Strike 2-1: Ball 3-1: Foul Ball, location: 2F 3-2: Foul Ball, location: 2F 3-2: Base on Balls Luis Jara to second
|
|
Pitching: RHP Chris Mansfield
|
|
|
Batting: SHB Omar Cervantes
|
0-0: Ball 1-0: Ball 2-0: Swinging Strike 2-1: Ball 3-1: Swinging Strike 3-2: Fielders Choice at 2nd, 3-6 (Groundball, 34S, EV 82.5 MPH) Luis Jara to third
|
|
Batting: LHB Ian Cranton
|
0-0: Called Strike 0-1: Ball 1-1: Swinging Strike 1-2: Strikes out swinging
|
| Bottom of the 8th over - 0 runs, 1 hit, 0 errors, 2 left on base; Bluefield 5 - Princeton 4 |
| TOP OF THE 9TH |
|
Bluefield Blue Jays batting - Pitching for Princeton Rays : RHP Cole Roome
|
|
Pitching: RHP Vince Martinez
|
|
|
Batting: RHB Hanley Hernandez
|
0-0: Foul Ball, location: 2F 0-1: Ball 1-1: Ball 2-1: Called Strike 2-2: Foul Ball, location: 2F 2-2: DOUBLE (Line Drive, 89D, EV 98.8 MPH)
|
|
Batting: LHB Jessie Stewart
|
0-0: Ground out 5-3 (Groundball, 56, EV 75.6 MPH)
|
|
Batting: RHB Mark Noftall
|
0-0: Intentional Walk
|
|
Batting: LHB Edwin Esparza
|
0-0: Called Strike 0-1: Called Strike 0-2: Ball 1-2: Foul Ball, location: 2F 1-2: Ball 2-2: Fly out, F5 (Popup, 5SF, EV 81.9 MPH)
|
|
Batting: RHB Cedric Nicholls
|
0-0: Called Strike 0-1: Foul Ball, location: 2F 0-2: Strikes out looking
|
| Top of the 9th over - 0 runs, 1 hit, 0 errors, 2 left on base; Bluefield 5 - Princeton 4 |
| BOTTOM OF THE 9TH |
|
Princeton Rays batting - Pitching for Bluefield Blue Jays : RHP Chris Mansfield
|
|
Pitching: LHP Jim Sabin
|
|
|
Batting: RHB Ben Saxton
|
0-0: Ball 1-0: Fly out, F5 (Popup, 56S, EV 78.1 MPH)
|
|
Pinch Hitting: RHB Bobby Ross
|
0-0: Ground out 6-3 (Groundball, 6, EV 79.4 MPH)
|
|
Pinch Hitting: RHB Joel Wittmier
|
0-0: Swinging Strike 0-1: Ball 1-1: Ball 2-1: Swinging Strike 2-2: Foul Ball, location: 2F 2-2: Foul Ball, location: 2F 2-2: Ball 3-2: SINGLE (Groundball, 4D, EV 103.1 MPH)
|
|
Batting: RHB Gabe Wilcoxon
|
0-0: Swinging Strike 0-1: DOUBLE (Line Drive, 7LS, EV 107.5 MPH) Joel Wittmier to third
|
|
Batting: LHB Matt Pena
|
0-0: Ball 1-0: Swinging Strike 1-1: Ball 2-1: SINGLE (Line Drive, 4MD, EV 99.4 MPH) Joel Wittmier scores Gabe Wilcoxon to third
|
|
Batting: RHB Luis Jara
|
0-0: SINGLE (Groundball, 25, EV 72.5 MPH) (infield hit) Gabe Wilcoxon scores
|
| Bottom of the 9th over - 2 runs, 4 hits, 0 errors, 1 left on base; Bluefield 5 - Princeton 6 |
|